 Dungeon Crawl Stone Soup version 0.23.2-40-g277498a (webtiles) character file.

Game seed: 12704774037763715503

70 Fang the Skirmisher (level 4, 0/43 HPs)
             Began as a Gargoyle Berserker on Oct 14, 2019.
             Was a Believer of Trog.
             Slain by an orc priest
             ... wielding a +0 whip
              (4 damage)
             ... on level 3 of the Dungeon.
             The game lasted 00:01:47 (1120 turns).

Fang the Skirmisher (Gargoyle Berserker)            Turns: 1120, Time: 00:01:47

Health: 0/43       AC:  5    Str: 26    XL:     4   Next: 21%
Magic:  4/4        EV: 11    Int:  8    God:    Trog [**....]
Gold:   104        SH:  0    Dex: 12    Spells: 3/3 levels left

rFire    + . .     SeeInvis .   a - +0 hand axe
rCold    + . .     Gourm    .   (no shield)
rNeg     + . .     Faith    .   b - +0 animal skin
rPois    ∞         Spirit   .   (no helmet)
rElec    +         Reflect  .   h - scarf {rC+ rF+}
rCorr    .         Harm     .   (no gloves)
MR       .....                  (no boots)
Stlth    ..........             (no amulet)
HPRegen  0.14/turn              m - +3 ring of dexterity
MPRegen  0.09/turn              (no ring)

@: berserking, heavily drained, very quick
A: negative energy resistance 1, electricity resistance, unbreathing,
petrification resistance, rot immunity, AC +3
a: Berserk, Trog's Hand, Renounce Religion


You were on level 3 of the Dungeon.
You worshipped Trog.
Trog was pleased with you.
You were very hungry.

You visited 1 branch of the dungeon, and saw 3 of its levels.

You collected 104 gold pieces.

Inventory:

Hand Weapons
 a - a +0 hand axe (weapon)
Armour
 b - a +0 animal skin (worn)
 h - a scarf of resistance (worn)
Jewellery
 m - a +3 ring of dexterity (left hand)
Scrolls
 e - 2 scrolls of teleportation {unknown}
 g - 3 scrolls of identify {unknown}
 i - a scroll of remove curse {unknown}
 j - 3 scrolls of fog {unknown}
 k - 3 scrolls of fear {unknown}
Potions
 f - a potion of curing {unknown}
 l - a potion of invisibility {unknown}
Comestibles
 c - 5 rations
 d - 10 chunks of flesh


   Skills:
 + Level 3.9(2.3) Fighting
 + Level 3.2(1.7) Axes
 + Level 3.1(1.6) Armour
 + Level 2.2(0.7) Dodging


You had 3 spell levels left.
You didn't know any spells.
Your spell library was empty.

Dungeon Overview and Level Annotations

Branches:
Dungeon (3/15)

Altars:


Innate Abilities, Weirdness & Mutations

You are resistant to torment.
Your stone body is resilient. (AC +3)
You are immune to poison.
You resist negative energy. (rN+)
You are resistant to electric shocks. (rElec)
You can survive without breathing.
You are immune to petrification.
You are immune to rotting.


Message History

You closely miss the orc priest.
The orc priest is severely wounded.
The orc priest misses you.
You are feeling very hungry.
You barely miss the orc priest.
The orc priest is severely wounded.
The orc priest hits you with a +0 whip.
* * * LOW HITPOINT WARNING * * *
You closely miss the orc priest.
The orc priest is severely wounded.
The orc priest hits you but does no damage.
You closely miss the orc priest.
The orc priest is severely wounded.
The orc priest hits you with a +0 whip.
* * * LOW HITPOINT WARNING * * *
You hit the orc priest.
The orc priest is almost dead.
An adder comes into view.
The orc priest hits you with a +0 whip.
You die...

#.# #.# # ##.# .. ...
##.####.## .........#
#..#)#.##
#...o@..##############
#..#)#.......(........
#....[..######.(......
#.#....## #.####### ..
###.## #)# # S. #.#
#.# ## . #.# #.######.
#.# #........ #.
#........


You could see an orc priest and an adder (wandering).

Vanquished Creatures
  2 worms (D:2)
  A dart slug (D:2)
  2 leopard geckos (D:1)
  2 orcs (D:3)
  7 bats
  3 giant cockroaches
  12 goblins
  6 hobgoblins
  8 kobolds
  A quokka (D:2)
  A ball python (D:3)
  3 frilled lizards
  6 rats
54 creatures vanquished.

Notes
Turn   | Place    | Note
-------+----------+-------------------------------------------
     0 | D:1      | Fang the Gargoyle Berserker began the quest for the Orb.
     0 | D:1      | Reached XP level 1. HP: 14/14 MP: 1/1
    61 | D:1      | Reached XP level 2. HP: 6/19 MP: 2/2
   414 | D:1      | Reached XP level 3. HP: 18/23 MP: 3/3
   608 | D:2      | Reached ** piety under Trog
   972 | D:2      | Reached XP level 4. HP: 29/29 MP: 4/4
  1120 | D:3      | Slain by an orc priest

Skill      XL: |  1  2  3 |
---------------+----------+-----
Axes           | 3 |  3.2
Dodging        | 2 |  2.2
Armour         | 3 |  3.1
Fighting       | |  3.9

Action                   |  1- 3 |  4- 6 || total
-------------------------+-------+-------++-------
Melee: Hand axe          |    98 |    32 ||   130
Invok: Berserk           |     1 |     1 ||     2
  Eat: Chunk             |     1 |     1 ||     2
Armor: Animal skin       |    25 |    13 ||    38
Dodge: Dodged            |    81 |    18 ||    99
